AoeStats
← serbia_warriors

Arabian Desert

510136715Analyzed
1v1 RM · 4d ago on Sep 29, 2026· 58m 17s· 2 players
Game mode
Random Map
Map size
Tiny (2 player)
Population
200
Speed
Normal
Resources
Standard
Victory
Conquest
Starting age
Dark Age
Ending age
Imperial Age
RankedLock teamsTeams togetherTeam positionsShared explorationLock speedFull tech treeHidden civsTurbo modeCheats
Victory
Defeat
🇯🇵 Sicilians · Japan
1931
+18
🇩🇰 Saxons · Denmark
1966
-18
serbia_warriors
6:27 Loom
8:49 Feudal Age
9:30 Double-Bit Axe
11:23 Horse Collar
16:13 Fletching
22:11 Castle Age
20:37 Padded Archer Armor
20:47 Scale Barding Armor
20:49 Gold Mining
21:38 Padded Archer Armor
22:07 Forging
22:02 Padded Archer Armor
22:46 Bodkin Arrow
22:12 Crossbowman
24:11 Elite Skirmisher
26:35 Ballistics
28:46 Leather Archer Armor
32:50 Scale Mail Armor
32:52 Squires
38:22 Imperial Age
37:06 Forging
38:18 Wheelbarrow
38:56 Chain Barding Armor
39:17 Bracer
40:15 Bloodlines
40:05 Husbandry
41:32 Plate Barding Armor
41:01 Arbalester
43:31 Chemistry
44:03 Conscription
43:58 Chain Mail Armor
45:14 Plate Mail Armor
46:09 Iron Casting
45:53 Town Watch
46:43 Arson
48:56 Blast Furnace
48:46 Husbandry
48:54 Elite Serjeant
50:07 Heavy Plow
50:10 Light Cavalry
51:28 First Crusade
51:54 Hand Cart
52:00 Cavalier
52:47 Hauberk
54:25 Bow Saw
56:04 Masonry
Kejserguldbajer 2.
5:22 Loom
8:19 Feudal Age
9:26 Double-Bit Axe
11:04 Horse Collar
20:42 Castle Age
19:25 Fletching
19:35 Padded Archer Armor
21:19 Bodkin Arrow
20:45 Crossbowman
22:13 Town Watch
23:27 Leather Archer Armor
24:36 Bloodlines
27:33 Husbandry
28:16 Ballistics
40:11 Imperial Age
37:54 Scale Mail Armor
38:04 Forging
37:56 Gambesons
38:11 Squires
37:31 Man-at-Arms
38:02 Man-at-Arms
38:28 Arson
39:51 Chain Mail Armor
41:37 Plate Mail Armor
40:58 Elite Varangian Guard
43:11 Forging
45:24 Wheelbarrow
44:37 Elite Skirmisher
47:28 Bracer
48:56 Heavy Plow
51:03 Chemistry
56:05 Iron Casting
Connection lost

Rejoining the realm…

Still unreachable

The connection could not be restored.

Session expired

The server has moved on; the page needs a fresh start.